 Dungeon Crawl Stone Soup version 0.30-a0-170-g85af917532 (webtiles) character file.

Game seed: 9876412948221289740

116 qw the Chopper (level 5, -2/32 HPs)
             Began as a Gargoyle Fighter on Sept 30, 2022.
             Slain by a worm (6 damage)
             ... on level 2 of the Dungeon.
             The game lasted 00:00:39 (1473 turns).

qw the Chopper (Gargoyle Fighter)                   Turns: 1473, Time: 00:00:39

Health: -2/32      AC: 13    Str: 22    XL:     5   Next: 0%
Magic:  5/5        EV:  9    Int:  8    God:
Gold:   16         SH:  4    Dex:  9    Spells: 4/4 levels left

rFire   . . .      SeeInvis .    Y - +0 war axe
rCold   . . .      Faith    .    c - +0 buckler
rNeg    + . .      Spirit   .    b - +0 scale mail
rPois   inf        Reflect  .    (no helmet)
rElec   +          Harm     .    h - +1 cloak
rCorr   +          Rampage  .    (no gloves)
Will    .....                    (no boots)
Stlth   ..........               (no amulet)
HPRegen 0.10/turn                j - ring of resist corrosion
MPRegen 0.09/turn                (no ring)

@: no status effects
A: sickness immunity, AC +4, negative energy resistance 1, electricity
resistance, torment resistance 1, petrification resistance
a: no special abilities


You were on level 2 of the Dungeon.
You visited 1 branch of the dungeon, and saw 2 of its levels.

You collected 16 gold pieces.


Innate Abilities, Weirdness & Mutations

You are immune to sickness and miasma.
Your stone body is resilient. (AC +4)
You are immune to poison.
You resist negative energy. (rN+)
You are resistant to electric shocks. (rElec)
You are resistant to unholy torment.
You are immune to petrification.


   Skills:
 - Level 3.2 Fighting
 + Level 4.5 Axes
 - Level 3.2 Armour
 - Level 3.2 Shields


You had 4 spell levels left.
You didn't know any spells.
Your spell library was empty.

Inventory:

Hand Weapons
 e - a +2 vorpal mace
 Y - a +0 war axe (weapon)
Armour
 a - a +0 pair of boots
 b - a +0 scale mail (worn)
 c - a +0 buckler (worn)
 h - a +1 cloak (worn)
Jewellery
 j - a ring of resist corrosion (left hand)
Potions
 d - 2 potions of might
 f - a potion of curing {unknown}

Dungeon Overview and Level Annotations

Branches:
Dungeon (2/15)

Altars:
Nemelex Xobeh


Message History

The gnoll is almost dead.
You closely miss the kobold. You slash the hobgoblin!
You kill the hobgoblin!
The gnoll hits you with a +0 flail. The kobold barely misses you.
You closely miss the gnoll.
The gnoll is almost dead.
You hit the kobold.
You kill the kobold!
You block the gnoll's attack. The gnoll hits you but does no damage.
You hit the gnoll.
You kill the gnoll!
You hit the gnoll but do no damage. You block the gnoll's attack.
The gnoll barely misses you. The gnoll hits you but does no damage.
You have reached level 5!
You hit the gnoll.
The gnoll is lightly wounded.
The gnoll hits you with a +0 club. You block the gnoll's attack.
You closely miss the gnoll.
The gnoll is lightly wounded.
You hit the gnoll. The gnoll hits you but does no damage.
The gnoll barely misses you.
You hit the gnoll.
The gnoll is severely wounded.
You hit the worm. You closely miss the gnoll.
The gnoll hits you but does no damage. The gnoll barely misses you.
You block the gnoll's attack. You block the worm's attack.
The gnoll hits you with a +0 club. The gnoll hits you with a +0 flail!
The gnoll barely misses you.
You barely miss the gnoll.
The gnoll is severely wounded.
You hit the gnoll. You hit the worm. The gnoll barely misses you.
The gnoll hits you but does no damage. The gnoll hits you with a +0 club.
You barely miss the gnoll.
The gnoll is severely wounded.
You barely miss the worm. You closely miss the gnoll.
The gnoll barely misses you. The gnoll hits you with a +0 club.
You block the gnoll's attack. The worm bites you.
You die...

.## ..##### ##.............
......####........>.....
.........#..............
.........#........?.....
.........#................#
................g.........#
................)w........#
...............g@g.......#
........................#
........................#
...........###..........# #.
..........## #..........# #..
.....#....#####.#.###..###..#
##..##......##..### ##.#...
.......####.##..# ##.#.#
.#..#### #.....# ###%...#


You could see a worm and 3 gnolls.

Vanquished Creatures
  A scorpion (D:2)
  A gnoll (D:2)
  An adder (D:2)
  2 bats (D:1)
  2 giant cockroaches
  7 goblins
  6 hobgoblins
  2 jackals (D:1)
  A quokka (D:2)
  3 frilled lizards (D:1)
  6 kobolds
  6 rats
38 creatures vanquished.

Notes
Turn   | Place    | Note
-------+----------+-------------------------------------------
     0 | D:1      | qw the Gargoyle Fighter began the quest for the Orb.
     0 | D:1      | Reached XP level 1. HP: 14/14 MP: 1/1
     0 | D:1      | 0 ||| qw: Version: 0.2-a-12-gaebbb33
     0 | D:1      | 0 ||| qw: Game counter: 1581
     0 | D:1      | 0 ||| qw: Always use a shield: true
     0 | D:1      | 0 ||| qw: God list: Okawaru
     0 | D:1      | 0 ||| qw: Allow faded altars: false
     0 | D:1      | 0 ||| qw: Do Orc after D:15 true
     0 | D:1      | 0 ||| qw: Do second Lair branch before Depths: true
     0 | D:1      | 0 ||| qw: Lair rune preference: random
     0 | D:1      | 0 ||| qw: Plans: Normal, Zot:1-4, God:TSO, Crypt, Tomb,
                  | Pan, Slime:5, Hells, Abyss, Orb
     0 | D:1      | 0 ||| PLANNING D:1-11
   110 | D:1      | 110 ||| Stepping ~*~*~tactically~*~*~ (stealth).
   144 | D:1      | 144 ||| Stepping ~*~*~tactically~*~*~ (stealth).
   151 | D:1      | Reached skill level 2 in Axes
   325 | D:1      | Reached XP level 2. HP: 19/19 MP: 2/2
   340 | D:1      | 340 ||| Stepping ~*~*~tactically~*~*~ (stealth).
   473 | D:1      | Found a faded altar of an unknown god.
   688 | D:1      | 688 ||| Stepping ~*~*~tactically~*~*~ (stealth).
  1082 | D:1      | 1082 ||| UPGRADING to +1 cloak.
  1087 | D:1      | 1087 ||| UPGRADING to ring of resist corrosion.
  1088 | D:1      | 1088 ||| READING scroll labelled HOLONO KOCE.
  1089 | D:1      | 1089 ||| READING scroll labelled SEVEGE UKALULU.
  1090 | D:1      | 1090 ||| READING scroll labelled ITWAIV KENYBBO.
  1128 | D:2      | Found a sparkling altar of Nemelex Xobeh.
  1131 | D:2      | 1131 ||| STAIRDANCE
  1135 | D:1      | Reached skill level 3 in Axes
  1137 | D:2      | 1137 ||| STAIRDANCE
  1143 | D:1      | Reached XP level 3. HP: 18/23 MP: 3/3
  1222 | D:2      | 1222 ||| Stepping ~*~*~tactically~*~*~ (hiding).
  1226 | D:2      | 1226 ||| Stepping ~*~*~tactically~*~*~ (hiding).
  1226 | D:2      | Noticed a scorpion
  1228 | D:2      | 1228 ||| Stepping ~*~*~tactically~*~*~ (hiding).
  1230 | D:2      | 1230 ||| Stepping ~*~*~tactically~*~*~ (stealth).
  1240 | D:2      | Killed a scorpion
  1241 | D:2      | Reached skill level 4 in Axes
  1241 | D:2      | Reached XP level 4. HP: 26/28 MP: 4/4
  1324 | D:2      | 1324 ||| FLEEEEING.
  1401 | D:2      | 1401 ||| Stepping ~*~*~tactically~*~*~ (stealth).
  1402 | D:2      | 1402 ||| Stepping ~*~*~tactically~*~*~ (stealth).
  1408 | D:2      | 1408 ||| Stepping ~*~*~tactically~*~*~ (stealth).
  1469 | D:2      | Reached XP level 5. HP: 22/32 MP: 5/5
  1471 | D:2      | HP: 7/32 [gnoll/+0 flail (10)]
  1473 | D:2      | Slain by a worm

Levels and vault maps discovered:
D:1:      dpeg_arrival_ternary, layout_basic, ebering_ecumenical_altar_webs
D:2:      layout_rooms, basic_altar, corexii_leaking_fountain,
          hangedman_feature_mirror

Skill      XL: |  1  2  3 |
---------------+----------+-----
Axes           | 2 3 4 |  4.5
Fighting       | |  3.2
Armour         | |  3.2
Shields        | |  3.2

Action                   |  1- 3 |  4- 6 || total
-------------------------+-------+-------++-------
Melee: War axe           |    97 |    37 ||   134
  Use: Scroll            |     3 |       ||     3
Armor: Scale mail        |    74 |    24 ||    98
Dodge: Dodged            |    55 |    23 ||    78
Block: Buckler           |    14 |    13 ||    27

Table legend:
 A = Non-vault XP
 B = Vault XP
 C = Vault XP percentage of total XP
 D = Non-vault monster count
 E = Vault monster count
 F = Vault count percentage of total count
                 A         B        C        D         E       F
            +---------+---------+-------+---------+---------+-------
      Total |     164 |       2 |   1.2 |      37 |       1 |   2.6
            +---------+---------+-------+---------+---------+-------
        D:1 |      34 |       0 |   0.0 |      22 |       0 |   0.0
        D:2 |     130 |       2 |   1.5 |      15 |       1 |   6.2
            +---------+---------+-------+---------+---------+-------
